 Dungeon Crawl Stone Soup version 0.28.0-43-g3370ac3207 (webtiles) character file.

Game seed: 2116205844663233291

6719 Peloso the Carver (level 10, -17/88 HPs)
             Began as a Minotaur Fighter on Mar 14, 2022.
             Was a Priest of Okawaru.
             Demolished by a shadow (18 damage)
             ... on level 10 of the Dungeon.
             The game lasted 00:13:13 (9147 turns).

Peloso the Carver (Minotaur Fighter)                Turns: 9147, Time: 00:13:14

Health: -17/88     AC: 22    Str: 26    XL:     10   Next: 74%
Magic:  7/9        EV: 17    Int:  5    God:    Okawaru [***...]
Gold:   354        SH: 14    Dex: 20    Spells: 9/9 levels left

rFire   + . .      SeeInvis .   a - +3 scimitar
rCold   x . .      Faith    +   c - +0 kite shield
rNeg    + . .      Spirit   .   K - +2 ring mail of Experimentation {Str+4 Slay+3}
rPois   +          Reflect  .   (helmet restricted)
rElec   +          Harm     .   q - +1 cloak
rCorr   .          Rampage  .   s - +2 pair of gloves of the Enchanted Forest {rElec}
Will    .....                   z - +0 pair of boots
Stlth   +++.......              w - amulet of Curiosity {Faith rPois}
HPRegen 0.24/turn               k - ring "Amaipt" {rF+ rC- rN+ Will- Dex+7}
MPRegen 0.11/turn               n - +4 ring of protection

@: heroic
A: horns 2, retaliatory headbutt
a: Renounce Religion, Heroism


You were on level 10 of the Dungeon.
You worshipped Okawaru.
Okawaru was most pleased with you.
You visited 2 branches of the dungeon, and saw 12 of its levels.

You collected 432 gold pieces.
You spent 78 gold pieces at shops.

Inventory:

Hand Weapons
 a - a +3 scimitar (weapon)
 b - a +1 broad axe of flaming
Armour
 c - a +0 kite shield (worn)
 i - the -4 pair of boots "Juufonoq" {rPois rF+ rCorr}
   (You found it on level 10 of the Dungeon)

   rF:        It protects you from fire.
   rPois:     It protects you from poison.
   rCorr:     It protects you from acid and corrosion.
 o - a +0 chain mail
 q - a +1 cloak (worn)
 s - the +2 pair of gloves of the Enchanted Forest (worn) {rElec}
   (You found it on level 4 of the Dungeon)

   rElec:     It insulates you from electricity.
 z - a +0 pair of boots (worn)
 K - the +2 ring mail of Experimentation (worn) {Str+4 Slay+3}
   (You found it on level 8 of the Dungeon)

   Str:       It affects your strength (+4).
   Slay:      It affects your accuracy & damage with ranged weapons and melee
   (+3).
Jewellery
 k - the ring "Amaipt" (left hand) {rF+ rC- rN+ Will- Dex+7}
   (You found it on level 2 of the Dungeon)

   [ring of protection from fire]

   Dex:       It affects your dexterity (+7).
   rF:        It protects you from fire.
   rC:        It makes you vulnerable to cold.
   rN:        It protects you from negative energy.
   Will:      It decreases your willpower.
 n - a +4 ring of protection (right hand)
 t - a ring of fire
 w - the amulet of Curiosity (around neck) {Faith rPois}
   (You found it on level 5 of the Dungeon)

   [amulet of faith]

   It allows you to gain divine favour quickly.
   rPois:     It protects you from poison.
 A - a ring of magical power
 G - a ring of resist corrosion
 M - an amulet of magic regeneration
Wands
 y - a wand of acid (16)
 E - a wand of digging (15)
 H - a wand of iceblast (11)
 L - a wand of paralysis (7)
Scrolls
 e - 2 scrolls of blinking
 f - 2 scrolls of immolation
 h - 2 scrolls of teleportation
 j - 2 scrolls of noise
 p - 2 scrolls of fog
 C - a scroll of acquirement
 D - 2 scrolls of enchant weapon
 F - 2 scrolls of fear
 I - 2 scrolls of magic mapping
 N - a scroll of silence {unknown}
Potions
 d - 2 potions of might
 g - 2 potions of haste
 m - 3 potions of mutation
 r - 3 potions of berserk rage
 v - 3 potions of curing
 x - a potion of cancellation
 B - 2 potions of degeneration {unknown}
 J - a potion of lignification {unknown}


   Skills:
 + Level 8.1(13.1) Fighting
 + Level 12.5(17.5) Long Blades
 + Level 9.6(14.6) Armour
 + Level 4.8(9.8) Dodging
 + Level 2.2(7.2) Stealth
 + Level 8.8(13.8) Shields
 + Level 0.2 Invocations


You had 9 spell levels left.
You didn't know any spells.
Your spell library contained the following spells:

 Spells                   Type           Power      Damage    Failure   Level
 Ensorcelled Hibernation  Hex/Ice        0%         N/A       89%         2
 Passwall                 Tmut/Erth      0%         N/A       89%         2
 Confusing Touch          Hex            0%         N/A       98%         3
 Inner Flame              Hex/Fire       0%         N/A       98%         3
 Swiftness                Air            0%         N/A       98%         3
 Cause Fear               Hex            0%         N/A       100%        4
 Yara's Violent Unravell  Hex/Tmut       0%         3d3       100%        5
 Enfeeble                 Hex            0%         N/A       100%        7
 Discord                  Hex            0%         N/A       100%        8


Dungeon Overview and Level Annotations

Branches:
Dungeon (11/15)            Temple (1/1) D:7            Lair (0/6) D:11
    Orc (0/2) D:11

Altars:
Cheibriados
Dithmenos
Elyvilon
Fedhas
Gozag
Hepliaklqana
Kikubaaqudgha
Makhleb
Nemelex Xobeh
Okawaru
Qazlal
Ru
Sif Muna
Trog
Uskayaw
Vehumet
Wu Jian
Xom
Yredelemnul
Zin
The Shining One

Shops:
D:1 (   D:4 (   D:9 (   D:10 *

Annotations:
D:9 1 runed translucent door, Elsvaer's ghost, novice DECj


Innate Abilities, Weirdness & Mutations

You have a pair of horns on your head.
You reflexively headbutt those who attack you in melee.


Message History

The shadow flickers and vanishes!
Deactivating autopickup; reactivate with Ctrl-A.
The shadow strikes at you from the darkness!
Reactivating autopickup.
The warg bites you but does no damage.
The wyvern bites you but does no damage.
The shadow slips into darkness.
The shadow flickers and vanishes!
Deactivating autopickup; reactivate with Ctrl-A.
The orc priest casts a cantrip, but nothing happens.
The wyvern bites you but does no damage.
You block the warg's attack. You block the wyvern's attack.
The shadow strikes at you from the darkness!
Reactivating autopickup.
The warg bites you.
* * * LOW HITPOINT WARNING * * *
The wyvern bites you.
* * * LOW HITPOINT WARNING * * *
The orc priest mumbles some strange prayers to Beogh against you.
Beogh smites you!
* * * LOW HITPOINT WARNING * * *
There is a stone staircase leading up here.
The wyvern bites you but does no damage.
The warg barely misses you. You furiously retaliate!
You headbutt the warg.
The orc priest looks braver for a moment.
The shadow slips into darkness.
The shadow flickers and vanishes!
Deactivating autopickup; reactivate with Ctrl-A.
The wyvern closely misses you. You furiously retaliate!
You headbutt the wyvern, but do no damage.
You climb upwards.
Reactivating autopickup.
There is a stone staircase leading down here.
You gain the combat prowess of a mighty hero.
The warg bites you!
* * * LOW HITPOINT WARNING * * *
The wyvern closely misses you.
The shadow strikes at you from the darkness!
You die...

##.#########.......#......#..####
#.#.......#.......'......#..#...
#.#.......#.......#..(...#..#...
#.#.......#.......#......#..#...
#.#.......'.......########..##..
#.#######+#..!?..............#..
#...........########'#.......'..
#...........#..h...+∩+.......#..
##...........'.l@...#+#.......#..
.............#......#.........###
...#'#####...#'######............
...#.....#....)............####..
...#.....#.........[.......#..###
...#.....+.................#.....
...#.....#....>............#.....
...#######.................#.....
...........................#.....


You could see a warg and a wyvern.

Vanquished Creatures
  A two-headed ogre (D:10)
  Pikel (D:5)
  A manticore (D:7)
  A centaur zombie (D:11)
  Maggie (D:6)
  A gargoyle (D:11)
  A troll (D:10)
  A hornet (D:8)
  Sigmund (D:4)
  A wraith (D:10)
  A wyvern (D:9)
  A vampire (D:11)
  A steam dragon (D:8)
  2 water moccasins
  Pargi (D:3)
  2 sky beasts
  3 black bears
  A hornet zombie (D:3)
  3 necrophages
  2 centaurs
  Blork the orc (D:5)
  2 bullfrogs
  3 kobold brigands
  A scorpion (D:4)
  3 killer bees (D:10)
  9 wights
  2 howler monkeys
  A lava snake (D:7)
  A spectral centaur (D:9)
  A jelly (D:4)
  A hound (D:5)
  6 orc priests
  2 bullfrog zombies (D:5)
  2 bullfrog skeletons (D:4)
  Jessica (D:3)
  2 centaur skeletons
  Ijyb (D:5)
  Terence (D:3)
  3 iguanas
  2 orc wizards
  A hound skeleton (D:4)
  3 howler monkey zombies
  2 howler monkey skeletons (D:9)
  3 adders
  7 gnolls
  A shadow imp (D:8)
  4 white imps (D:6)
  2 ufetubi
  2 dart slugs
  A worm (D:2)
  20 orcs
  5 endoplasms
  4 giant cockroaches
  6 goblins
  4 hobgoblins
  3 jackals (D:4)
  16 kobolds
  A quokka (D:3)
  7 ball pythons
  5 bats
  2 frilled lizards (D:1)
  A rat (D:1)
172 creatures vanquished.

Vanquished Creatures (others)
  3 plants (D:9)
3 creatures vanquished.

Grand Total: 175 creatures vanquished

Notes
Turn   | Place    | Note
-------+----------+-------------------------------------------
     0 | D:1      | Peloso the Minotaur Fighter began the quest for the Orb.
     0 | D:1      | Reached XP level 1. HP: 19/19 MP: 0/0
   513 | D:1      | Reached XP level 2. HP: 27/27 MP: 1/1
   555 | D:1      | Found Biteor's Antique Weapon Emporium.
   995 | D:2      | Reached XP level 3. HP: 29/33 MP: 2/2
  1258 | D:2      | Identified the ring "Amaipt" {rF+ rC- rN+ Will- Dex+7}
  1534 | D:3      | Noticed Jessica
  1546 | D:3      | Killed Jessica
  1547 | D:3      | Reached skill level 3 in Long Blades
  1547 | D:3      | Reached skill level 1 in Dodging
  1547 | D:3      | Reached XP level 4. HP: 36/40 MP: 3/3
  1660 | D:3      | Noticed Pargi
  1676 | D:3      | Killed Pargi
  1677 | D:3      | Reached skill level 5 in Armour
  1677 | D:3      | Reached XP level 5. HP: 13/47 MP: 4/4
  1974 | D:3      | Reached skill level 4 in Long Blades
  2312 | D:3      | Reached XP level 6. HP: 53/53 MP: 5/5
  2338 | D:3      | Noticed Terence
  2343 | D:3      | Killed Terence
  2564 | D:4      | Reached skill level 5 in Long Blades
  3134 | D:4      | Found Tyguq's Antique Weapon Emporium.
  3250 | D:4      | Identified the +2 pair of gloves of the Enchanted Forest
                  | {rElec}
  3380 | D:4      | Noticed Sigmund
  3392 | D:4      | Killed Sigmund
  3393 | D:4      | Reached skill level 5 in Fighting
  3393 | D:4      | Reached skill level 6 in Long Blades
  3393 | D:4      | Reached XP level 7. HP: 54/61 MP: 6/6
  3461 | D:5      | Entered Level 5 of the Dungeon
  3514 | D:5      | Reached skill level 5 in Shields
  3643 | D:5      | Identified the amulet of Curiosity {Faith rPois}
  3654 | D:5      | Noticed Pikel
  3667 | D:5      | Killed Pikel
  3668 | D:5      | Reached skill level 8 in Long Blades
  3668 | D:5      | Reached XP level 8. HP: 68/70 MP: 7/7
  3690 | D:5      | Noticed Blork the orc
  3707 | D:5      | Killed Blork the orc
  4281 | D:5      | Noticed Ijyb
  4288 | D:5      | Killed Ijyb
  4420 | D:5      | Reached skill level 9 in Long Blades
  4913 | D:6      | Noticed Maggie
  4943 | D:6      | Killed Maggie
  4944 | D:6      | Reached XP level 9. HP: 78/78 MP: 8/8
  5399 | D:6      | Reached skill level 10 in Long Blades
  5399 | D:6      | Reached skill level 1 in Stealth
  5702 | D:7      | Noticed a manticore
  5713 | D:7      | Killed a manticore
  6263 | D:7      | Found a staircase to the Ecumenical Temple.
  6336 | D:7      | Reached skill level 11 in Long Blades
  6527 | Temple   | Entered the Ecumenical Temple
  6594 | Temple   | Became a worshipper of Warmaster Okawaru
  6862 | D:8      | Identified the +2 ring mail of Experimentation {Str+4
                  | Slay+3}
  6871 | D:8      | Reached * piety under Okawaru
  7061 | D:8      | Reached XP level 10. HP: 83/86 MP: 9/9
  7380 | D:8      | Found a blossoming altar of Fedhas.
  7666 | D:9      | Noticed Elsvaer's ghost (novice DECj)
  7998 | D:9      | Found Wyasuvuma's Antique Weapon Boutique.
  8133 | D:9      | Found a runed translucent door.
  8176 | D:10     | Entered Level 10 of the Dungeon
  8359 | D:10     | Found Qamig's General Store.
  8362 | D:10     | Bought 3 scrolls of identify for 78 gold pieces
  8375 | D:10     | Identified a scroll of acquirement
  8396 | D:10     | Noticed a two-headed ogre
  8403 | D:10     | Killed a two-headed ogre
  8403 | D:10     | Reached ** piety under Okawaru
  8404 | D:10     | Reached skill level 12 in Long Blades
  8932 | D:10     | Identified the -4 pair of boots "Juufonoq" {rPois rF+
                  | rCorr}
  8966 | D:11     | Noticed a gargoyle
  8974 | D:11     | Killed a gargoyle
  9059 | D:11     | Found a staircase to the Orcish Mines.
  9074 | D:11     | Reached *** piety under Okawaru
  9100 | D:11     | Noticed a four-headed hydra
  9117 | D:11     | Found a staircase to the Lair.
  9147 | D:10     | HP: 1/88 [warg (7)]
  9147 | D:10     | Demolished by a shadow

Illustrated notes

Levels and vault maps discovered:
D:1:      minmay_arrival_wavy_path, layout_loops_cross, serial_shops, shop
D:2:      layout_rooms
D:3:      layout_loops_cross, uniq_pargi, uniq_terence, uniq_jessica
D:4:      layout_loops_ring, serial_shops, nicolae_take_the_stairs,
          st_stairs_10, uniq_sigmund
D:5:      layout_gridville, minivault_1, uniq_ijyb, uniq_blork_the_orc,
          uniq_pikel
D:6:      layout_basic, uniq_maggie
D:7:      layout_loops_ring, minmay_temple_entry_enclosed_plants,
          chequers_hall_statues_corner_a, hangedman_decor_riveting,
          kennysheep_big_empty_room, chequers_serial_rivers_large_b
D:8:      layout_loops_cross, marbit_many_paths,
          hangedman_abyss_or_decor_clamps, minmay_misc_feat_alley
D:9:      layout_basic, hellmonk_ghost_big_iron, serial_shops,
          nicolae_shop_statue_plus, hangedman_weighted_door, hex_large,
          minmay_variable_closet
D:10:     layout_irregular_city, serial_shops, nicolae_shop_behind_doors
D:11:     layout_cross, erik_lair_orcish_takeover, orc_0_dummy,
          amethyst_killhole, due_unseen_surprise
Temple:   regret_index_temple_sigil_plot

Skill      XL: |  1  2  3  4  5  6  7  8  9 10 |
---------------+-------------------------------+-----
Shields        | 4 5 6 7 8 |  8.8
Armour         | 4 5 6 7 9 |  9.6
Fighting       | 4 5 6 7 8 |  8.1
Long Blades    | 3 4 6 8 9 11 12 | 12.5
Dodging        | 1 2 3 4 |  4.8
Stealth        | 1 2 |  2.2
Invocations    | |  0.2

Action                   |  1- 3 |  4- 6 |  7- 9 | 10-12 || total
-------------------------+-------+-------+-------+-------++-------
Melee: Long sword        |    60 |   102 |   248 |       ||   410
       Headbutt          |     9 |    23 |    58 |    23 ||   113
       Scimitar          |       |       |    14 |   108 ||   122
Invok: Heroism           |       |       |       |     3 ||     3
  Use: Scroll            |       |       |     6 |     9 ||    15
       Potion            |       |       |     1 |       ||     1
 Stab: Sleeping          |       |       |       |     1 ||     1
Armor: Scale mail        |    36 |    33 |       |       ||    69
       Chain mail        |       |    32 |   144 |       ||   176
       Ring mail         |       |       |     3 |    61 ||    64
Dodge: Dodged            |    34 |    50 |    68 |    71 ||   223
Block: Buckler           |     8 |    32 |    35 |       ||    75
       Kite shield       |       |       |    78 |    88 ||   166
